 Dungeon Crawl Stone Soup version 0.29-a0-384-g6960b1960d (webtiles) character file.

Game seed: 17992378715290476344

355 spaghetti the Covert (level 6, -2/53 HPs)
             Began as a Gnoll Delver on May 6, 2022.
             Splashed by a jelly's acid (3 damage)
             ... in a sewer.
             The game lasted 00:03:37 (1110 turns).

spaghetti the Covert (Gnoll Delver)                 Turns: 1110, Time: 00:03:37

Health: -2/53      AC:  0    Str: 10 (11) XL:     6   Next: 63%
Magic:  9/9        EV: 13    Int:  8 (10) God:
Gold:   19         SH:  0    Dex: 13 (15) Spells: 9/9 levels left

rFire   . . .      SeeInvis .   a - +0 short sword {short}
rCold   . . .      Faith    .   (no shield)
rNeg    . . .      Spirit   .   b - +0 leather armour
rPois   .          Reflect  .   (no helmet)
rElec   .          Harm     .   (no cloak)
rCorr   .          Rampage  .   (no gloves)
Will    .....                   (no boots)
Stlth   ++++......              (no amulet)
HPRegen 0.17/turn               (no ring)
MPRegen 0.11/turn               (no ring)

@: corroded
A: fangs 1, strong nose, distributed training
a: no special abilities


You were in a sewer.
You visited 1 branch of the dungeon, and saw 2 of its levels.
You also visited: Sewer.

You collected 19 gold pieces.


Innate Abilities, Weirdness & Mutations

You have very sharp teeth.
Your uncanny sense of smell can sniff out nearby items.
Your experience applies equally to all skills.


   Skills:
 + Level 6.8 Fighting
 + Level 5.0 Short Blades
 + Level 2.0 Long Blades
 + Level 2.0 Axes
 + Level 2.0 Maces & Flails
 + Level 2.0 Polearms
 + Level 2.0 Staves
 + Level 2.0 Slings
 + Level 2.0 Bows
 + Level 2.0 Crossbows
 + Level 2.0 Throwing
 + Level 2.0 Armour
 + Level 5.0 Dodging
 + Level 9.8 Stealth
 + Level 2.0 Shields
 + Level 2.0 Unarmed Combat
 + Level 2.0 Spellcasting
 + Level 1.6 Conjurations
 + Level 1.6 Hexes
 + Level 1.6 Summonings
 + Level 1.6 Necromancy
 + Level 1.6 Translocations
 + Level 1.6 Transmutations
 + Level 1.6 Fire Magic
 + Level 1.6 Ice Magic
 + Level 1.6 Air Magic
 + Level 1.6 Earth Magic
 + Level 1.6 Poison Magic
 + Level 2.2 Invocations
 + Level 2.0 Evocations


You had 9 spell levels left.
You didn't know any spells.
Your spell library contained the following spells:

 Spells                   Type           Power      Damage    Failure   Level
 Magic Dart               Conj           12%        1d3       24%         1
 Call Imp                 Summ           3%         N/A       36%         2
 Mephitic Cloud           Conj/Pois/Air  3%         N/A       58%         3

Inventory:

Hand Weapons
 a - a +0 short sword (weapon) {short}
Armour
 b - a +0 leather armour (worn)
Wands
 g - a wand of digging (3)
Scrolls
 c - a scroll of fog
 d - a scroll of magic mapping {!r}
 j - a scroll of identify {@r1}
Potions
 e - a potion of brilliance

Dungeon Overview and Level Annotations

Branches:
Dungeon (6/15)              Sewer (1/1)
 Temple: D:4-7

Altars:

Annotations:
D:6 2 runed translucent doors, 1 exclusion

######## #≈≈≈≈≈≈#
#≈..≈≈≈# #≈∩..∩≈#
###########≈...≈≈#
##.≈..≈≈.≈##≈≈≈.≈≈#
#≈≈..≈.J≈.####.≈###
#...####@.# #..#
##..## #..# #.≈#
#...# #..# #..#
#..## #.≈# #.≈#
#≈.# #≈≈# #..# #≈.#
#.≈# #≈.# #≈.# #≈.#
#.≈# #≈J#
#≈.####.≈# #.J#
#≈...†≈≈.#


You could see a jelly.


Message History

You hit the jelly but do no damage.
Your hands burn!
* * * LOW HITPOINT WARNING * * *
The jelly barely misses you. 😨 HP[-2]
You take 2 damage, and now have 20/53 hp.
Unknown command. 😨 HP[+1]
You enter the shallow water.
Moving in this stuff is going to be slow.
The jelly quivers.
You enter the shallow water.
Moving in this stuff is going to be slow.
You enter the shallow water.
Moving in this stuff is going to be slow.
The jelly jiggles. 😨 HP[+1]
You enter the shallow water.
Moving in this stuff is going to be slow.
You see here a frilled lizard corpse.
The endoplasm completely misses you.
You enter the shallow water.
Moving in this stuff is going to be slow.
The endoplasm freezes you.
You are frozen.
* * * LOW HITPOINT WARNING * * *
😨 HP[-1]
You take 1 damage, and now have 21/53 hp.
You are no longer corroded. 😨 HP[+1]
You enter the shallow water.
Moving in this stuff is going to be slow.
The endoplasm jiggles. 😨 HP[+1]
Okay, then.
Okay, then.
You don't have any unidentified items.
Unknown command.
You enter the shallow water.
Moving in this stuff is going to be slow.
The jelly barely misses you.
You hit the jelly.
You kill the jelly!
You enter the shallow water.
Moving in this stuff is going to be slow.
You enter the shallow water.
Moving in this stuff is going to be slow. 😨 HP[+1]
Your extra speed is starting to run out. 😨 HP[+1]
You enter the shallow water.
Moving in this stuff is going to be slow.
You enter the shallow water.
Moving in this stuff is going to be slow.
You feel yourself slow down. 😨 HP[+1]
You start resting.
A jelly is nearby! 😮 HP[+1]
The jelly closely misses you.
You hit the jelly.
Your hands burn!
* * * LOW HITPOINT WARNING * * *
The jelly hits you but does no damage. 😨 HP[-4]
You take 4 damage, and now have 23/53 hp.
You hit the jelly. The acid corrodes you!
Your hands burn!
* * * LOW HITPOINT WARNING * * *
The jelly barely misses you. 😨 HP[-2]
You take 2 damage, and now have 21/53 hp.
Unknown command.
Unknown command.
You hit the jelly but do no damage.
Your hands burn!
* * * LOW HITPOINT WARNING * * *
The jelly barely misses you. 😨 HP[-5]
You take 5 damage, and now have 16/53 hp.
Unknown command.
Unknown command.
You hit the jelly but do no damage. The acid corrodes you!
Your hands burn!
* * * LOW HITPOINT WARNING * * *
The jelly hits you.
* * * LOW HITPOINT WARNING * * *
The acid corrodes you!
You are splashed with acid!
* * * LOW HITPOINT WARNING * * *
😱 HP[-11]
You take 11 damage, and now have 5/53 hp.
MASSIVE DAMAGE!! (PAUSE)
Okay, then.
Okay, then.
Press: ? - help, v - describe, . - travel
Here: a jelly (severely wounded) Some shallow water.
Unknown command.
You hit the jelly but do no damage.
Your hands burn!
* * * LOW HITPOINT WARNING * * *
😱 HP[-4]
You take 4 damage, and now have 1/53 hp.
Okay, then.
You hit the jelly.
Your hands burn!
You die...

Skill      XL: |  1  2  3  4  5  6 |
---------------+-------------------+-----
Stealth        | |  9.8
Long Blades    | 1 2 |  2.0
Axes           | 1 2 |  2.0
Maces & Flails | 1 2 |  2.0
Polearms       | 1 2 |  2.0
Staves         | 1 2 |  2.0
Slings         | 1 2 |  2.0
Bows           | 1 2 |  2.0
Crossbows      | 1 2 |  2.0
Throwing       | 1 2 |  2.0
Armour         | 1 2 |  2.0
Shields        | 1 2 |  2.0
Unarmed Combat | 1 2 |  2.0
Spellcasting   | 1 2 |  2.0
Invocations    | 1 2 |  2.2
Evocations     | 1 2 |  2.0
Conjurations   | 1 |  1.6
Hexes          | 1 |  1.6
Summonings     | 1 |  1.6
Necromancy     | 1 |  1.6
Translocations | 1 |  1.6
Transmutations | 1 |  1.6
Fire Magic     | 1 |  1.6
Ice Magic      | 1 |  1.6
Air Magic      | 1 |  1.6
Earth Magic    | 1 |  1.6
Poison Magic   | 1 |  1.6
Short Blades   | 5 |  5.0
Dodging        | 5 |  5.0
Fighting       | |  6.8

Action                   |  1- 3 |  4- 6 || total
-------------------------+-------+-------++-------
Melee: Short sword       |     2 |    95 ||    97
       Bite              |       |    13 ||    13
       Punch             |       |     2 ||     2
  Use: Potion            |       |     5 ||     5
       Scroll            |       |     4 ||     4
 Stab: Sleeping          |     2 |     6 ||     8
Armor: Leather armour    |       |    13 ||    13
Dodge: Dodged            |       |    66 ||    66

Levels and vault maps discovered:
D:5:      layout_basic
D:6:      lemuel_insect_pit, layout_basic, cheibrodos_sewer_entry_sluice,
          grunt_ministairs_12, feat_on_display
Sewer:    sewer_hellmonk_slimy_pipes

Notes
Turn   | Place    | Note
-------+----------+-------------------------------------------
     0 | D:5      | Reached skill level 9 in Stealth
     0 | D:5      | spaghetti the Gnoll Delver began the quest for the Orb.
     0 | D:5      | Reached XP level 1. HP: 23/23 MP: 1/1
     0 | D:5      | magus.rc [v1.9.6]
    16 | D:5      | Noticed a necrophage
    38 | D:6      | Noticed a jelly
    39 | D:6      | Noticed a hound
    95 | D:6      | Noticed a scorpion
   101 | D:6      | Reached XP level 2. HP: 29/29 MP: 2/2
   103 | D:6      | Killed a scorpion
   104 | D:6      | Reached skill level 1 in Long Blades
   104 | D:6      | Reached skill level 1 in Axes
   104 | D:6      | Reached skill level 1 in Maces & Flails
   104 | D:6      | Reached skill level 1 in Polearms
   104 | D:6      | Reached skill level 1 in Staves
   104 | D:6      | Reached skill level 1 in Slings
   104 | D:6      | Reached skill level 1 in Bows
   104 | D:6      | Reached skill level 1 in Crossbows
   104 | D:6      | Reached skill level 1 in Throwing
   104 | D:6      | Reached skill level 1 in Armour
   104 | D:6      | Reached skill level 1 in Shields
   104 | D:6      | Reached skill level 1 in Unarmed Combat
   104 | D:6      | Reached skill level 1 in Spellcasting
   104 | D:6      | Reached skill level 1 in Invocations
   104 | D:6      | Reached skill level 1 in Evocations
   104 | D:6      | Reached XP level 3. HP: 35/35 MP: 2/4
   104 | D:6      | Reached XP level 4. HP: 41/41 MP: 2/5
   190 | D:6      | You pick up a book of Minor Magic and begin reading...
   190 | D:6      | You add the spells Magic Dart, Call Imp and Mephitic Cloud
                  | to your library.
   487 | D:6      | Noticed a scorpion
   490 | D:6      | Killed a scorpion
   491 | D:6      | Reached skill level 1 in Conjurations
   491 | D:6      | Reached skill level 1 in Hexes
   491 | D:6      | Reached skill level 1 in Summonings
   491 | D:6      | Reached skill level 1 in Necromancy
   491 | D:6      | Reached skill level 1 in Translocations
   491 | D:6      | Reached skill level 1 in Transmutations
   491 | D:6      | Reached skill level 1 in Fire Magic
   491 | D:6      | Reached skill level 1 in Ice Magic
   491 | D:6      | Reached skill level 1 in Air Magic
   491 | D:6      | Reached skill level 1 in Earth Magic
   491 | D:6      | Reached skill level 1 in Poison Magic
   491 | D:6      | Reached XP level 5. HP: 47/47 MP: 5/7
   531 | D:6      | Noticed an ogre
   533 | D:6      | Killed an ogre
   534 | D:6      | Reached skill level 2 in Invocations
   534 | D:6      | Reached XP level 6. HP: 53/53 MP: 8/8
   545 | D:6      | Found a runed translucent door.
   555 | D:6      | Found a runed translucent door.
   612 | D:6      | Found a glowing drain.
   622 | Sewer    | Entered a sewer
   656 | Sewer    | Reached skill level 5 in Short Blades
   656 | Sewer    | Reached skill level 5 in Dodging
   862 | Sewer    | Reached skill level 2 in Long Blades
   862 | Sewer    | Reached skill level 2 in Axes
   862 | Sewer    | Reached skill level 2 in Maces & Flails
   862 | Sewer    | Reached skill level 2 in Polearms
   862 | Sewer    | Reached skill level 2 in Staves
   862 | Sewer    | Reached skill level 2 in Slings
   862 | Sewer    | Reached skill level 2 in Bows
   862 | Sewer    | Reached skill level 2 in Crossbows
   862 | Sewer    | Reached skill level 2 in Throwing
   862 | Sewer    | Reached skill level 2 in Armour
   862 | Sewer    | Reached skill level 2 in Shields
   862 | Sewer    | Reached skill level 2 in Unarmed Combat
   862 | Sewer    | Reached skill level 2 in Spellcasting
   862 | Sewer    | Reached skill level 2 in Evocations
  1042 | Sewer    | Found a viscous altar of Jiyva.
  1108 | Sewer    | HP: 13/53 [acid (3)]
  1108 | Sewer    | HP: 5/53 [acid (8)]
  1109 | Sewer    | HP: 1/53 [acid (4)]
  1110 | Sewer    | Splashed by a jelly's acid

Vanquished Creatures
  An ogre (D:6)
  2 scorpions (D:6)
  A necrophage (D:6)
  A jelly (Sewer)
  A river rat (Sewer)
  2 adders (Sewer)
  A white imp (D:6)
  5 orcs (D:6)
  2 ball pythons (Sewer)
  6 endoplasms (Sewer)
  3 frilled lizards (Sewer)
  A rat (Sewer)
26 creatures vanquished.

Table legend:
 A = Non-vault XP
 B = Vault XP
 C = Vault XP percentage of total XP
 D = Non-vault monster count
 E = Vault monster count
 F = Vault count percentage of total count
                 A         B        C        D         E       F
            +---------+---------+-------+---------+---------+-------
      Total |     403 |     105 |  20.7 |      10 |      16 |  61.5
            +---------+---------+-------+---------+---------+-------
        D:6 |     403 |       0 |   0.0 |      10 |       0 |   0.0
      Sewer |       0 |     105 | 100.0 |       0 |      16 | 100.0
            +---------+---------+-------+---------+---------+-------

Illustrated notes

Table legend:
 A = Kills in this place as a percentage of kills in entire the game.
 B = Kills by you in this place as a percentage of kills by you in the entire game.
 C = Kills by friends in this place as a percentage of kills by friends in the entire game.
 D = Other kills in this place as a percentage of other kills in the entire game.
 E = Experience gained in this place as a percentage of experience gained in the entire game.
 F = Experience gained in this place divided by the number of levels of this place that you have seen.
                   A       B       C       D       E      F
               +-------+-------+-------+-------+-------+----------------------
         Total | 100.0 | 100.0 |   N/A |   N/A | 100.0 | 169.3
       Dungeon |  38.5 |  38.5 |   N/A |   N/A |  79.3 | 201.5
         Sewer |  61.5 |  61.5 |   N/A |   N/A |  20.7 | 105.0
               +-------+-------+-------+-------+-------+----------------------

Table legend: (Time is in decaauts)
 A = Elapsed time spent in this place.
 B = Non-inter-level travel time spent in this place.
 C = Inter-level travel time spent in this place.
 D = Time resting spent in this place.
 E = Time spent auto-exploring this place.
 F = Levels seen in this place.
 G = Mean time per level.
                   A        B        C        D        E       F      G
               +--------+--------+--------+--------+--------+-----+--------+
         Total |   1112 |   1101 |     11 |    342 |    483 |   3 |  370.7 |
       Dungeon |    616 |    605 |     11 |    107 |    392 |   2 |  308.0 |
         Sewer |    495 |    495 |      0 |    235 |     91 |   1 |  495.0 |
               +--------+--------+--------+--------+--------+-----+--------+

Top non-repeatable levels by time:
     D:6: 584 daAuts
   Sewer: 495 daAuts
     D:5: 32 daAuts
